 Dungeon Crawl Stone Soup version 0.30-a0-913-g9934a0ce24 (webtiles) character file.

Game seed: 6020474038548572637

356 bobarctor the Sneak (level 6, -8/32 HPs)
             Began as a Vampire Delver on Mar 19, 2023.
             Was an Initiate of Kikubaaqudgha.
             Killed from afar by an orc wizard (9 damage)
             ... with a magic dart
             ... on level 4 of the Dungeon.
             The game lasted 00:25:01 (3571 turns).

bobarctor the Sneak (Vampire Delver)                Turns: 3571, Time: 00:25:01

Health: -8/32      AC:  0    Str:  9 (11) XL:     6   Next: 36%
Magic:  8/9        EV: 21    Int: 13 (15) God:    Kikubaaqudgha [......]
Gold:   221        SH:  0    Dex: 18 (20) Spells: 8/10 levels left

rFire   . . .      SeeInvis +    C - melded +2 dagger (venom)
rCold   + + .      Faith    .    n - melded +0 buckler
rNeg    + + +      Spirit   .    b - melded +0 leather armour
rPois   ∞          Reflect  .    (helmet currently unavailable)
rElec   .          Rampage  .    (cloak currently unavailable)
rCorr   .                        q - melded +2 pair of gloves
Will    .....                    (boots currently unavailable)
Stlth   ++++++                   (no amulet)
HPRegen 0.00/turn                j - melded +4 ring of protection
MPRegen 0.11/turn                (ring currently unavailable)

@: bat-form, flying, bloodless, inhibited regen, studying Short Blades, very
quick
A: fast, flying, no casting, tiny, bloodless, fangs 3, see invisible, vampiric
2, [frail 1]
a: Revivify, End Transformation, Renounce Religion


You were on level 4 of the Dungeon.
You worshipped Kikubaaqudgha.
Kikubaaqudgha was noncommittal.
You were a vampire bat.
You visited 1 branch of the dungeon, and saw 5 of its levels.

You collected 221 gold pieces.

Inventory:

Hand Weapons
 a - a +0 short sword
 o - a +0 rapier
 p - a +2 short sword of speed
 w - a +0 vampiric short sword
 y - a +2 short sword of venom
 z - a +2 whip of draining
 C - a +2 dagger of venom (melded)
Missiles
 k - 10 curare-tipped darts (quivered)
Armour
 b - a +0 leather armour (melded)
 n - a +0 buckler (melded)
 q - a +2 pair of gloves (melded)
Jewellery
 j - a +4 ring of protection (melded)
Wands
 g - a wand of digging (3)
Scrolls
 c - 3 scrolls of fog
 d - a scroll of magic mapping
 e - 4 scrolls of fear
 h - 2 scrolls of noise {unknown}
 i - 2 scrolls of silence {unknown}
 l - 4 scrolls of identify {unknown}
 r - a scroll of amnesia {unknown}
 t - 4 scrolls of teleportation {unknown}
 v - a scroll of poison {unknown}
Potions
 f - 2 potions of haste
 m - 3 potions of curing {unknown}
 s - a potion of flight {unknown}
 u - a potion of attraction {unknown}
 x - a potion of heal wounds {unknown}
 A - a potion of invisibility {unknown}
 B - a potion of degeneration {unknown}


   Skills:
 + Level 3.2 Fighting
 * Level 7.0 Short Blades
 + Level 3.7 Dodging
 - Level 7.2 Stealth
 + Level 0.1 Shields
 * Level 2.6 Spellcasting
 * Level 0.2 Summonings


You had 8 spell levels left.
You knew the following spells:

 Your Spells              Type           Power      Damage    Failure   Level
a - Summon Small Mammal   Summ           8%         N/A       22%         1
b - Freeze                Ice            4%         1d3       24%         1

Your spell library contained the following spells:

 Spells                   Type           Power      Damage    Failure   Level
 Ensorcelled Hibernation  Hex/Ice        2%         N/A       34%         2
 Sublimation of Blood     Necr           1%         N/A       34%         2
 Call Canine Familiar     Summ           2%         N/A       54%         3
 Frozen Ramparts          Ice            2%         1d1       56%         3
 Hailstorm                Conj/Ice       1%         3d3       56%         3
 Summon Guardian Golem    Hex/Summ       2%         N/A       56%         3
 Spider Form              Tmut/Pois      1%         N/A       58%         3
 Anguish                  Hex/Necr       0%         N/A       93%         4
 Animate Dead             Necr           1%         N/A       93%         4
 Petrify                  Tmut/Erth      1%         N/A       94%         4
 Borgnjor's Vile Clutch   Necr/Erth      0%         N/A       100%        5
 Freezing Cloud           Conj/Ice/Air   0%         6-21      100%        5
 Irradiate                Conj/Tmut      0%         3d11      100%        5
 Death Channel            Necr           0%         N/A       100%        6
 Simulacrum               Ice/Necr       0%         N/A       100%        6
 Polar Vortex             Ice            0%         N/A       100%        9


Dungeon Overview and Level Annotations

Branches:
Dungeon (5/15)
 Temple: D:4-7

Altars:
Kikubaaqudgha
Makhleb
Sif Muna
Uskayaw

Shops:
D:1 (

Annotations:
D:2 Sigmund


Innate Abilities, Weirdness & Mutations

You are a vampire bat.
You are tiny and dextrous.
You move quickly.
You are flying.
You are immune to poison.
Your equipment is almost entirely melded.
You are incapable of wielding weapons or throwing items.
You cannot cast spells.
You do not regenerate when monsters are visible.
You are frail without blood (-20% HP).
You can heal yourself when you bite living creatures.
You are immune to poison.
You have razor-sharp teeth.
You have supernaturally acute eyesight. (SInv)
You are afflicted with vampirism and can become a bat while bloodless.
[You are frail. (-10% HP)]


Message History

There is an open door, spattered with blood here.
The orc wizard shouts!
You hit the orc wizard but do no damage.
The orc wizard barely misses you.
The orc wizard hits you with a +0 dagger.
You hit the orc wizard but do no damage.
The orc wizard casts a spell at you.
You are confused.
The orc wizard barely misses you.
You hit the orc wizard but do no damage.
You bite the orc wizard, but do no damage.
The orc wizard completely misses you.
The orc wizard hits you with a +0 dagger.
You barely miss the orc wizard.
The orc wizard hits you with a +0 dagger of draining.
The orc wizard hits you with a +0 dagger.
The orc wizard points at you and mumbles some strange words.
You resist with some effort.
The orc wizard shouts loudly.
The orc wizard points at you and mumbles some strange words.
The magic dart hits you. The orc wizard completely misses you.
You bump into the crystal wall.
The orc wizard completely misses you. The orc wizard barely misses you.
The orc wizard points at you and mumbles some strange words.
The puff of flame misses you.
You are engulfed in a cloud of scalding steam.
You feel less confused.
You barely miss the orc wizard.
You are engulfed in a cloud of scalding steam.
* * * LOW HITPOINT WARNING * * *
The orc wizard mumbles some strange words.
The orc wizard flickers and vanishes for a moment.
The orc wizard hits you with a +0 dagger.
* * * LOW HITPOINT WARNING * * *
Unknown command.
There is an open door, spattered with blood here.
The orc wizard casts a spell at you. The magic dart hits you!
You die...
Kikubaaqudgha rasps: "You have failed me!
Welcome... oblivion!"

#####.###⌠._##
#####.#####.#
#........####
##.######.#
#..# #.#
#.##### ###
#.##..######
#.#..8#..§§#
#..._b'..≈o#
###..8#..≈o#
##..######
####


You could see 2 orc wizards.

Vanquished Creatures
  An orc priest (D:4)
  2 hounds (D:4)
  Natasha (D:3)
  An iguana (D:4)
  2 orc wizards (D:4)
  3 gnolls (D:4)
  5 adders
  2 dart slugs
  A worm (D:3)
  8 orcs (D:4)
  7 endoplasms
  2 giant cockroaches
  10 hobgoblins
  4 jackals (D:2)
  8 kobolds
  7 quokkas
  6 ball pythons
  4 bats
  3 frilled lizards
  4 rats
81 creatures vanquished.

Notes
Turn   | Place    | Note
-------+----------+-------------------------------------------
     0 | D:5      | bobarctor the Vampire Delver began the quest for the Orb.
     0 | D:5      | Reached XP level 1. HP: 17/17 MP: 1/1
    66 | D:5      | Noticed a black bear
   105 | D:5      | Noticed a scorpion
   148 | D:3      | Reached skill level 1 in Spellcasting
   148 | D:3      | Reached XP level 2. HP: 22/23 MP: 1/3
   238 | D:2      | Noticed Sigmund
   400 | D:2      | Learned a level 1 spell: Summon Small Mammal
   452 | D:2      | Gained mutation: You are afflicted with vampirism and can
                  | become a bat while bloodless. [Vampire growth]
   452 | D:2      | Reached XP level 3. HP: 29/29 MP: 2/5
  1370 | D:3      | Reached XP level 4. HP: 23/28 MP: 6/6
  1428 | D:3      | Noticed Natasha
  1771 | D:1      | Found Ogoamimi's Weapon Shoppe.
  2240 | D:3      | Killed Natasha
  2665 | D:4      | Reached XP level 5. HP: 28/32 MP: 8/8
  2738 | D:4      | Reached skill level 5 in Short Blades
  2765 | D:4      | Found a burning altar of Makhleb.
  2878 | D:4      | Reached XP level 6. HP: 21/42 MP: 9/9
  3223 | D:4      | Learned a level 1 spell: Freeze
  3240 | D:4      | Found an ancient bone altar of Kikubaaqudgha.
  3241 | D:4      | Found a hide-covered altar of Uskayaw.
  3245 | D:4      | Became a worshipper of Kikubaaqudgha
  3290 | D:4      | Found a shimmering blue altar of Sif Muna.
  3567 | D:4      | HP: 1/32 [orc wizard/+0 dagger (1)]
  3571 | D:4      | Killed from afar by an orc wizard

Illustrated notes

Levels and vault maps discovered:
D:1:      lightli_iron_boxes, layout_rooms, serial_shops,
          nicolae_shop_bloodbath_and_beyond
D:2:      layout_basic, nicolae_elevator_lobby_asterisk, uniq_sigmund
D:3:      layout_loops_ring, minmay_crystal_room, uniq_natasha
D:4:      layout_basic, led_sif_book, lemuel_tele_altar,
          gammafunk_temple_overflow_statue
D:5:      layout_loops_cross, nzn_wu_jian_contemplation

Skill      XL: |  1  2  3  4  5  6 |
---------------+-------------------+-----
Spellcasting   | 1 2 |  2.6
Fighting       | 3 |  3.2
Dodging        | 3 |  3.7
Short Blades   | 3 4 6 7 |  7.0
Stealth        | |  7.2
Shields        | |  0.1
Summonings     | |  0.2

Action                     |  1- 3 |  4- 6 || total
---------------------------+-------+-------++-------
  Melee: Short sword       |   127 |   222 ||   349
         Bite              |    11 |    27 ||    38
         Unarmed           |    12 |     5 ||    17
         Dagger            |       |     4 ||     4
  Throw: Dart              |       |     2 ||     2
   Cast: Summon Small Mamm |     2 |     3 ||     5
Ability: Exsanguinate      |     2 |     1 ||     3
         Revivify          |     2 |       ||     2
         Bat Form          |     1 |     1 ||     2
   Stab: Sleeping          |     2 |    13 ||    15
         Distracted        |       |     1 ||     1
 Armour: Leather armour    |    51 |    78 ||   129
  Dodge: Dodged            |   101 |   108 ||   209
  Block: Buckler           |     6 |    36 ||    42

Table legend: (Time is in decaauts)
 A = Elapsed time spent in this place.
 B = Non-inter-level travel time spent in this place.
 C = Inter-level travel time spent in this place.
 D = Time resting spent in this place.
 E = Time spent auto-exploring this place.
 F = Levels seen in this place.
 G = Mean time per level.
                   A        B        C        D        E       F      G
               +--------+--------+--------+--------+--------+-----+--------+
         Total |   3455 |   3375 |     80 |    828 |   1326 |   5 |  691.0 |
       Dungeon |   3455 |   3375 |     80 |    828 |   1326 |   5 |  691.0 |
               +--------+--------+--------+--------+--------+-----+--------+

Top non-repeatable levels by time:
     D:3: 1252 daAuts
     D:4: 914 daAuts
     D:2: 748 daAuts
     D:1: 423 daAuts
     D:5: 116 daAuts
